 Dungeon Crawl Stone Soup version 0.26.0-18-gc5c842f807 (webtiles) character file.

Game seed: 11544410081750700379

235 thiole the Sneak (level 6, -12/36 HPs)
             Began as an Octopode Hedge Wizard on Jan 23, 2021.
             Mangled by a +0 hand axe (15 damage)
             ... on level 4 of the Dungeon.
             The game lasted 00:10:22 (4268 turns).

thiole the Sneak (Octopode Hedge Wizard)            Turns: 4268, Time: 00:10:22

Health: -12/36     AC:  1    Str: 10    XL:     6   Next: 6%
Magic:  2/11       EV: 13    Int: 18    God:
Gold:   194        SH:  0    Dex: 11    Spells: 4/12 levels left

rFire    . . .     SeeInvis .   r - +2 flail (protect)
rCold    . . .     Faith    .   (no shield)
rNeg     . . .     Spirit   .   b - +0 hat
rPois    .         Reflect  .   (no amulet)
rElec    .         Harm     .   (no ring)
rCorr    .         Rampage  .   (no ring)
Will     .....                  (no ring)
Stlth    ++++......             (no ring)
HPRegen  0.12/turn              (no ring)
MPRegen  0.12/turn              (no ring)
                                (no ring)
                                (no ring)

@: very slightly contaminated
A: almost no armour, stealthy swim, amphibious, 8 rings, constrict 8, camouflage
1, gelatinous body 1
a: no special abilities


You were on level 4 of the Dungeon.
You visited 1 branch of the dungeon, and saw 4 of its levels.

You collected 194 gold pieces.

Inventory:

Hand Weapons
 a - a +0 dagger
 c - a +1 short sword of venom
 r - a +2 flail of protection (weapon)
Armour
 b - a +0 hat (worn)
Wands
 p - a wand of digging (2)
 t - a wand of flame (12)
Scrolls
 d - 4 scrolls of enchant weapon {unknown}
 e - a scroll of fog {unknown}
 f - 4 scrolls of identify {unknown}
 h - a scroll of fear
 i - a scroll of teleportation {unknown}
 m - 2 scrolls of remove curse {unknown}
 n - a scroll of noise {unknown}
 u - a scroll of amnesia {unknown}
Potions
 g - a potion of invisibility {unknown}
 j - 4 potions of curing {unknown}
 k - 2 potions of haste {unknown}
 l - a potion of heal wounds {unknown}
 o - a potion of flight {unknown}
 q - a potion of berserk rage {unknown}
 s - 2 potions of ambrosia {unknown}


   Skills:
 - Level 2.0 Dodging
 + Level 4.6 Stealth
 + Level 3.8 Spellcasting
 - Level 2.0 Conjurations
 - Level 2.0 Summonings
 - Level 1.0 Translocations
 * Level 2.5 Air Magic
 - Level 2.0 Poison Magic


You had 4 spell levels left.
You knew the following spells:

 Your Spells              Type           Power        Failure   Level
a - Magic Dart            Conj           40%          7%          1
b - Call Imp              Summ           10%          10%         2
c - Blink                 Tloc           N/A          16%         2
d - Mephitic Cloud        Conj/Pois/Air  11%          19%         3

Your spell library contained the following spells:

 Spells                   Type           Power        Failure   Level
 Slow                     Hex            3%           22%         2
 Conjure Flame            Conj/Fire      7%           30%         3


Dungeon Overview and Level Annotations

Branches:
Dungeon (4/15)
 Temple: D:4-7

Altars:
Okawaru
Uskayaw
Xom

Annotations:
D:3 Ijyb


Innate Abilities, Weirdness & Mutations

You cannot wear most types of armour.
You are very stealthy in the water. (Stealth+)
You are amphibious.
You can wear up to eight rings at the same time.
You can use your tentacles to constrict eight enemies at once.
Your skin changes colour to match your surroundings (Stealth+).
Your rubbery body absorbs attacks. (AC +1, EV +1)


Message History

Your crimson imp closely misses the +0 hand axe.
The +0 hand axe hits you! The +0 hand axe hits your crimson imp!
Your crimson imp dies!
Casting: Call Imp (safe; 10% risk of failure)
Confirm with . or Enter, or press ? or * to list all spells.
You don't have enough magic to cast that spell.
Casting: Call Imp (safe; 10% risk of failure)
Confirm with . or Enter, or press ? or * to list all spells.
Okay, then.
As you read the scroll labelled HERHICVURALL, it crumbles to dust.
You assume a fearsome visage.
The +0 hand axe is unaffected. x2
It was a scroll of fear.
The +0 hand axe barely misses you. The +0 hand axe hits you!
* * * LOW HITPOINT WARNING * * *
Aiming: Throw Flame
Press: ? - help, Shift-Dir - straight line, f - +0 hand axe
Aim: a +0 hand axe (64% to evade)
The puff of flame hits the +0 hand axe but does no damage.
The +0 hand axe hits you!
You die...

#...#.............##
###................###
#...................##
#.###.............####
##.#.......#.#....## #
#..#...._.####....# #
#.[#......#####.....#
#.###((.........#...
#....@..##......#...#
##########......# ...
#........ #......<#
...#..### ........
.... .... #.........


You could see 2 dancing weapons.

Vanquished Creatures
  Natasha (thrice) (D:3)
  Terence (D:3)
  A worker ant (D:4)
  3 adders
  An ooze (D:1)
  3 worms
  3 dart slugs
  2 leopard geckos
  3 orcs (D:3)
  A giant cockroach (D:1)
  4 goblins
  4 hobgoblins
  5 kobolds
  2 quokkas
  A ball python (D:1)
  5 bats
  2 frilled lizards
  4 rats
48 creatures vanquished.

Vanquished Creatures (collateral kills)
  An orc wizard (D:3)
  A worker ant (D:4)
  3 orcs (D:3)
5 creatures vanquished.

Vanquished Creatures (others)
  4 plants (D:3)
4 creatures vanquished.

Grand Total: 57 creatures vanquished

Notes
Turn   | Place    | Note
-------+----------+-------------------------------------------
     0 | D:1      | thiole the Octopode Hedge Wizard began the quest for the
                  | Orb.
     0 | D:1      | Reached XP level 1. HP: 11/11 MP: 4/4
   156 | D:1      | Reached XP level 2. HP: 17/17 MP: 0/6
   506 | D:1      | Reached skill level 3 in Stealth
   924 | D:1      | Learned a level 2 spell: Call Imp
   927 | D:1      | Learned a level 2 spell: Blink
   957 | D:1      | Reached XP level 3. HP: 21/21 MP: 3/7
  1655 | D:2      | Learned a level 3 spell: Mephitic Cloud
  1707 | D:2      | Found an iron altar of Okawaru.
  1818 | D:2      | Reached XP level 4. HP: 27/27 MP: 6/9
  2224 | D:3      | Noticed Ijyb
  2325 | D:3      | Reached skill level 1 in Air Magic
  2401 | D:3      | Reached skill level 4 in Stealth
  2557 | D:3      | Reached skill level 1 in Poison Magic
  2698 | D:3      | Noticed Natasha
  2709 | D:3      | Killed Natasha
  2710 | D:3      | Reached XP level 5. HP: 22/31 MP: 10/10
  2754 | D:3      | Noticed Natasha
  2766 | D:3      | Killed Natasha
  3052 | D:3      | Noticed Natasha
  3101 | D:3      | Killed Natasha
  3337 | D:3      | Noticed Terence
  3376 | D:3      | Killed Terence
  3493 | D:3      | Found a shimmering altar of Xom.
  4097 | D:4      | Reached XP level 6. HP: 19/36 MP: 8/11
  4235 | D:4      | Found a hide-covered altar of Uskayaw.
  4244 | D:4      | Noticed a +0 hand axe
  4244 | D:4      | Noticed a +0 hand axe
  4268 | D:4      | Mangled by a +0 hand axe

Illustrated notes

Levels and vault maps discovered:
D:1:      lightli_arrival_chessboard, layout_loops_ring
D:2:      layout_loops_ring, okawaru_trees_2
D:3:      layout_loops_ring, nicolae_tso_swordbearing_angel, old_standard_altar,
          hangedman_abyss_or_decor_stabs, serial_bayou_pond_a,
          hangedman_decor_peaks_small, roderic_serpentine_path,
          grunt_decor_mini_mirrors, amcnicky_mini_corridor_feature, uniq_ijyb,
          uniq_natasha, uniq_terence
D:4:      layout_cave_pools, kennysheep_little_box, dancing_weapons_uskayaw

Skill      XL: |  1  2  3  4  5 |
---------------+----------------+-----
Stealth        | 3 4 |  4.6
Conjurations   | 2 |  2.0
Summonings     | 2 |  2.0
Air Magic      | 1 2 |  2.5
Poison Magic   | 1 2 |  2.0
Dodging        | |  2.0
Spellcasting   | |  3.8
Translocations | |  1.0

Action                   |  1- 3 |  4- 6 || total
-------------------------+-------+-------++-------
Melee: Dagger            |     5 |       ||     5
       Tentacles         |     3 |     7 ||    10
       Constrict         |     4 |    15 ||    19
       Short sword       |    18 |    42 ||    60
       Flail             |       |    11 ||    11
 Cast: Magic Dart        |    59 |    16 ||    75
       Call Imp          |       |    18 ||    18
Evoke: Wand              |       |     2 ||     2
  Use: Scroll            |       |     1 ||     1
 Stab: Sleeping          |       |     2 ||     2
Armor: Skin              |       |     3 ||     3
Dodge: Dodged            |    12 |    21 ||    33
